[Event "*** SCC Grand Prix: Titled Tuesday Blitz"]
[Site "Chess.com"]
[Date "2020.06.23"]
[Round "2"]
[White "El_ultimo_Pablo"]
[Black "Brave_spirit12"]
[Result "0-1"]
[WhiteElo "2441"]
[BlackElo "2315"]
[TimeControl "180+1"]
[EndTime "10:19:42 PDT"]
[Termination "Brave_spirit12 won by checkmate"]

1. d4 Nf6 2. c4 e6 3. Nc3 d5 4. Qc2 Be7 5. Nf3 O-O 6. Bg5 c6 7. Rd1 h6 8. Bh4 a6 9. e3 dxc4 10. Bxc4 b5 11. Bd3 Bb7 12. O-O Nbd7 13. Ne5 Rc8 14.
Nxd7 Qxd7 15. Bxf6 Bxf6 16. Ne4 Be7 17. Rc1 c5 18.
Nxc5 Qd5 19. Be4 Rxc5 20. Bxd5 Rxc2 21. Bxb7 Rxb2 22. Bxa6 Ra8 23. Rc8+ Rxc8 24. Bxc8 Rxa2 25. Bb7 b4 26. Be4 f5 27. Bd3 Rd2 28. Bc4 Kf7 29. Rb1 Rc2 30. Bb3 Rd2 31. Kf1 Rd3 32. Ke2 Rc3 33. Kd2 Kf6 34. Bc2 e5 35. dxe5+ Kxe5 36. Bd3 g5 37. Ra1 Ra3 38. Rb1 Ra2+ 39. Bc2 f4 40.
exf4+ Kxf4 41. Rb3 Bc5 42. Rf3+ Ke5 43. Rf5+ Kd4 44.
Kc1 Kc4 45. h4 Ra1+ 46. Kd2 Ra2 47. Kd1 Bd4 48. hxg5 hxg5 49. Be4 Ra1+ 50. Ke2 Ra2+ 51. Kd1 Rxf2 52. Rxg5 Kc3 53. Bd5 Rd2+ 54. Ke1 Be3 55. Bf7 Bxg5 56. Be6 b3 57. Bxb3 Kxb3 58. g4 Kc3 59.
Kf1 Kd3 60. Kg1 Ke3 61. Kh1 Kf3 62. Kg1 Rd1+ 63. Kh2 Bf4+ 64. Kh3 Rh1# 0-1

[Event "*** SCC Grand Prix: Titled Tuesday Blitz"]
[Site "Chess.com"]
[Date "2020.06.23"]
[Round "2"]
[White "XxPetroffsxX"]
[Black "ChronicUnhappiness"]
[Result "1-0"]
[WhiteElo "1918"]
[BlackElo "2339"]
[TimeControl "180+1"]
[EndTime "10:19:42 PDT"]
[Termination "XxPetroffsxX won on time"]

1. e4 d6 2. d4 Nf6 3. Nc3 g6 4. h3 Bg7 5. Be3 O-O 6. g4 c5 7. Nge2 cxd4 8. Nxd4 Nc6 9. Bg2 Nxd4 10. Bxd4 Bd7 11. O-O Bc6 12. Re1 Qa5 13. Qd2 Rfc8 14.
Rad1 Nd7 15. Bxg7 Kxg7 16. a3 a6 17. Qd4+ Kg8 18. Qd2 Ne5 19. Qe2 Bb5 20. Nxb5 Qxb5 21. Qxb5 axb5 22. c3 Nc4 23. Re2 Rc7 24. f4 Kg7 25.
Kf2 e5 26. f5 g5 27. Bf3 Kf6 28. Kg3 Ke7 29. h4 gxh4+ 30. Kxh4 h6 31. Rh1 Kf6 32. Kg3 Kg7 33. Rd1 f6 34. Rd5 Rc5 35. Rd1 Rd8 36.
Rd3 Nb6 37. Red2 Nc4 38. Re2 Rg8 39. Kf2 Kh7 40. Ke1 h5 41. Rg2 Rg5 42. Kd1 Kh6 43. Kc2 Rg7 44. Rd1 h4 45. Rd3 Kg5 46. Bd1 Rh7 47.
b3 Nb6 48. Kb2 h3 49. Rh2 d5 50. exd5 Nxd5 51. Bf3 Nf4 52. Rd8 1-0

[Event "*** SCC Grand Prix: Titled Tuesday Blitz"]
[Site "Chess.com"]
[Date "2020.06.23"]
[Round "2"]
[White "ValentinDragnev"]
[Black "louis198"]
[Result "1/2-1/2"]
[WhiteElo "2720"]
[BlackElo "2506"]
[TimeControl "180+1"]
[EndTime "10:19:43 PDT"]
[Termination "Game drawn - insufficient material"]

1. e4 e6 2. d3 d5 3. Nd2 Nf6 4.
Ngf3 a6 5. g3 Bc5 6. Bg2 O-O 7.
O-O b5 8. e5 Nfd7 9. d4 Bb6 10.
h4 c5 11. dxc5 Nxc5 12. h5 h6 13. Re1 Bb7 14. Nf1 Ne4 15. Be3 Nd7 16. N1d2 Bxe3 17.
Rxe3 Nxd2 18. Qxd2 Rc8 19. Nd4 Qg5 20. Qe2 Rc4 21. c3 b4 22. Rf1 Qe7 23. f4 Qc5 24. Rff3 bxc3 25. bxc3 Re8 26. Kh2 a5 27. Qd2 Ba6 28. Bf1 Nb6 29. Nb3 Qc8 30. Nxa5 Ra4 31. c4 Bxc4 32. Nxc4 Nxc4 33. Bxc4 Qxc4 34. a3 Rb8 35.
Rc3 Qe4 36. Rb3 Rxb3 37. Rxb3 Rc4 38. Rc3 Rd4 39. Qc2 Qxc2+ 40. Rxc2 Ra4 41. Ra2 f6 42. Kg2 fxe5 43. fxe5 Kf7 44. Kf3 g6 45. g4 gxh5 46. gxh5 Ke7 47. Ke3 Re4+ 48. Kd3 Rxe5 49. a4 Rxh5 50. a5 Rg5 51. a6 Rg8 52. a7 Ra8 53.
Kd4 Kd7 54. Ke5 h5 55. Ra6 h4 56. Rxe6 Rxa7 57. Rh6 Ra4 58. Kxd5 Ke7 59. Ke5 Kf7 60. Kf5 Kg7 61. Rg6+ Kh7 62. Rg4 Rxg4 63. Kxg4 h3 64. Kxh3 1/2-1/2

[Event "*** SCC Grand Prix: Titled Tuesday Blitz"]
[Site "Chess.com"]
[Date "2020.06.23"]
[Round "2"]
[White "csati17"]
[Black "Grineva_Marianna"]
[Result "1-0"]
[WhiteElo "2623"]
[BlackElo "2187"]
[TimeControl "180+1"]
[EndTime "10:19:44 PDT"]
[Termination "csati17 won by resignation"]

1. c4 e5 2. g3 d6 3. Nc3 f5 4.
d4 Be7 5. Bg2 Nf6 6. dxe5 dxe5 7.
Qxd8+ Bxd8 8. Nf3 Nc6 9. e4 O-O 10. O-O Be6 11. b3 h6 12. Re1 fxe4 13. Nxe4 Nxe4 14.
Rxe4 Bf5 15. Re1 Bf6 16. Bb2 Rae8 17. Nd2 Nb4 18. Be4 Bxe4 19. Rxe4 Nd3 20. Ba3 c5 21. h4 b6 22. Nf1 Rd8 23. Ne3 Rd4 24. f3 Rxe4 25.
fxe4 Rd8 26. Nd5 Kf7 27. Rd1 Nb4 28. Bxb4 cxb4 29. Rd3 Ke6 30. Nxb4 Rxd3 31. Nxd3 Be7 32. Kg2 a5 33. Kf3 Bd6 34. h5 Be7 35. Nb2 Bd6 36. Na4 Bc7 37. Nc3 Bd6 38. Nd5 Bc5 39. g4 Bd4 40. g5 hxg5 41. Kg4 Bc5 42. Kxg5 Kf7 43. Kf5 Bd4 44. Nc7 Bc5 45. Kxe5 Bf2 46. Kf5 Bc5 47. e5 Ke7 48. e6 Bd6 49. Nd5+ Ke8 50.
Nxb6 Bc5 51. Nd5 Bd6 52. Kg6 Be5 53. h6 gxh6 54. Kxh6 Kd8 55. Kg6 Bd6 56. Kf7 Bc5 57. e7+ Bxe7 58. Nxe7 Kd7 59. Nd5 Kd6 60. Kf6 Kc5 61. Ke5 a4 62. Ke4 axb3 63. axb3 Kd6 64. b4 Kc6 65. Kd4 Kd6 66. Ke4 Kc6 67. b5+ Kd6 68. Kd4 Kd7 69. Kc5 Ke6 70. Kb4 Kd7 71. Ka5 Kd6 72. Ka6 Kc5 73. b6 Kxc4 74. Kb7 Kxd5 75.
Kc7 1-0

[Event "*** SCC Grand Prix: Titled Tuesday Blitz"]
[Site "Chess.com"]
[Date "2020.06.23"]
[Round "2"]
[White "amintabatabaei"]
[Black "GelmanAlexander"]
[Result "0-1"]
[WhiteElo "2806"]
[BlackElo "2555"]
[TimeControl "180+1"]
[EndTime "10:19:45 PDT"]
[Termination "GelmanAlexander won by resignation"]

1. e4 c5 2. Nf3 e6 3. b3 a6 4. Bb2 d6 5. d4 cxd4 6. Nxd4 Nf6 7. Bd3 g6 8. c4 Bg7 9. O-O b6 10. Nc3 Bb7 11. Re1 Nbd7 12. Bf1 O-O 13. g3 Rc8 14. Bg2 Qc7 15. Rc1 Rfd8 16. Qd2 Qb8 17. h3 Nc5 18. Kh2 Qa8 19. Qe2 d5 20. cxd5 e5 21. Nf3 Ne8 22.
Nd2 b5 23. b4 Nd7 24. a4 Nd6 25.
axb5 axb5 26. Ra1 Qb8 27. Nxb5 Rc2 28. Nxd6 Qxd6 29. Qd3 Rxb2 30. Nc4 Qxb4 31. Nxb2 Qxb2 32. Reb1 Qxf2 33. Rxb7 Nc5 34. Qb1 Nxb7 35. Qxb7 Qd2 36. Rf1 Rf8 37. Qe7 Bh6 38. Qxe5 Bg7 39. Qf4 Qd4 40. h4 Be5 41. Qf3 h5 42. Bh3 Kg7 43. Be6 Bd6 44. Bh3 Qe5 45. Rf2 Qe7 46. Qc3+ Be5 47.
Qc6 Qxh4 48. Rf3 Qg5 49. Bg2 h4 50. Qc4 hxg3+ 51. Kg1 Rb8 52. d6 Rb1+ 53. Bf1 Bxd6 54. Qxf7+ Kh6 55. Qg8 Bc5+ 56. Kg2 Rb2+ 57. Be2 Rxe2+ 58.
Kf1 Qc1+ 59. Kxe2 Qc2+ 60. Ke1 Bb4+ 61. Kf1 g2+ 62. Kg1 Bc5+ 0-1

[Event "*** SCC Grand Prix: Titled Tuesday Blitz"]
[Site "Chess.com"]
[Date "2020.06.23"]
[Round "2"]
[White "QuintilianoR"]
[Black "esrosenberg"]
[Result "1-0"]
[WhiteElo "2621"]
[BlackElo "2125"]
[TimeControl "180+1"]
[EndTime "10:19:45 PDT"]
[Termination "QuintilianoR won by checkmate"]

1. e4 e5 2. Nf3 Nc6 3. Bc4 Nf6 4. d3 Bc5 5. O-O a6 6. h3 d6 7. a4 Ba7 8. c3 h6 9. Re1 O-O 10. Nbd2 Be6 11. Bxe6 fxe6 12. Nf1 Nh5 13. Be3 Nf4 14. Bxa7 Rxa7 15. Kh2 Qf6 16. b4 Ne7 17. Ra2 Neg6 18.
Ng1 Qg5 19. g3 Nh5 20. Qg4 Qxg4 21. hxg4 Nf6 22. Ne3 a5 23. b5 b6 24. f3 Raa8 25. Kg2 Nd7 26. d4 exd4 27. cxd4 e5 28. Ne2 exd4 29.
Nxd4 Nc5 30. Nd5 Rf7 31. Re3 Ne5 32. Rc3 Raf8 33. Raa3 Kh7 34. Kh3 g6 35. f4 Nxe4 36. fxe5 dxe5 37. Ne6 Re8 38. Rxc7 Rxc7 39. Ndxc7 Rc8 40.
Re3 Nf2+ 41. Kg2 Nxg4 42. Re4 Nf6 43. Rxe5 Nd7 44. Rd5 Nc5 45. Nxc5 bxc5 46. b6 Rb8 47. Rd7+ Kh8 48. Nd5 Rxb6 49. Nxb6 c4 50. Nxc4 Kg8 51. Nd6 Kf8 52. Nc4 Ke8 53. Rh7 h5 54. Rh6 Kf7 55.
Rh7+ Kf6 56. Ra7 Ke6 57. Rxa5 Kf6 58. Ne3 Ke6 59. Rb5 Kd6 60. Nc4+ Kc6 61. Rg5 Kb7 62. a5 Ka7 63. Rxg6 Ka8 64. Rg7 h4 65. a6 hxg3 66.
Nb6+ Kb8 67. Rb7# 1-0

[Event "*** SCC Grand Prix: Titled Tuesday Blitz"]
[Site "Chess.com"]
[Date "2020.06.23"]
[Round "2"]
[White "FMJoseHerrera"]
[Black "Anton_Demchenko"]
[Result "1-0"]
[WhiteElo "2568"]
[BlackElo "2840"]
[TimeControl "180+1"]
[EndTime "10:19:46 PDT"]
[Termination "FMJoseHerrera won by resignation"]

1. Nf3 Nf6 2. g3 g6 3. Bg2 Bg7 4. d3 O-O 5. Nc3 b6 6. h4 Bb7 7. e4 h5 8. Bg5 d6 9. Qd2 Re8 10. Bh6 Bh8 11. O-O Nbd7 12. Rae1 c5 13. d4 cxd4 14. Nxd4 Rb8 15. Bg5 a6 16. f4 e5 17. Nb3 exf4 18. gxf4 Qc7 19. f5 Re5 20. fxg6 fxg6 21. Bf4 Rf8 22. Bxe5 Nxe5 23. Qg5 Kh7 24. Kh1 Bg7 25. Nd4 Re8 26. Rxf6 Bxf6 27. Qxf6 Ng4 28. Qg5 d5 29. e5 Rxe5 30. Rxe5 Nxe5 31. Ne6 Qd6 32.
Nf8+ Kg7 33. Qf4 Qe7 34. Nd7 Nxd7 35. Nxd5 Bxd5 36. Bxd5 Qe1+ 37. Kg2 Ne5 38. Bf3 Nxf3 39. Qxf3 Qxh4 40. Qb7+ Kh6 41. Qxb6 Qg4+ 42. Kf2 Qf4+ 43. Ke2 Qh2+ 44. Kd3 h4 45. Qe3+ Kh5 46. c4 h3 47.
c5 Qc7 48. Qxh3+ Kg5 49. Kc4 Qf4+ 50. Kd5 Qd2+ 51. Kc6 Qxb2 52. Qg3+ Kh5 53. Qh3+ Kg5 54. Qe3+ Kh5 55. Kd6 Qb4 56. Qe5+ g5 57. Ke6 Qc4+ 58. Kf6 Kh4 59. Qxg5+ Kh3 60. Qf5+ Kh2 61. Qe5+ Kh3 62.
Qe6+ Qxe6+ 63. Kxe6 Kg4 64. c6 Kf4 65. c7 1-0

[Event "*** SCC Grand Prix: Titled Tuesday Blitz"]
[Site "Chess.com"]
[Date "2020.06.23"]
[Round "2"]
[White "PawnEatingZombie"]
[Black "killer311"]
[Result "0-1"]
[WhiteElo "2098"]
[BlackElo "2396"]
[TimeControl "180+1"]
[EndTime "10:19:46 PDT"]
[Termination "killer311 won by resignation"]

1. d4 d5 2. c4 c6 3. Nc3 Nf6 4. e3 e6 5. Nf3 Nbd7 6. Qc2 b6 7. b3 Bb7 8. Bd3 Bd6 9. O-O Rc8 10.
Bb2 O-O 11. Rfd1 c5 12. cxd5 exd5 13. dxc5 Nxc5 14. Rac1 Qe7 15. Qe2 Nxd3 16. Qxd3 Rfd8 17. Ne2 Ne4 18. Qd4 f6 19. Qd3 Qe6 20. h3 Qf5 21. Ned4 Qg6 22. Nh4 Qh5 23. Nhf5 Bf8 24. Qe2 Qxe2 25.
Nxe2 g6 26. Nfd4 Kf7 27. f3 Nc5 28. Kf2 Re8 29. b4 Na4 30. Ba3 a5 31. Rb1 Bh6 32. Rb3 axb4 33. Bxb4 Rc4 34. Bd2 Ba6 35. Rdb1 Rc7 36. Rb4 Nc5 37. Rxb6 Nd3+ 38. Kg1 Bc4 39. Rb7 Ree7 40. Rxc7 Rxc7 41. Nf4 Bxf4 42. exf4 Bxa2 43. Ra1 Bc4 44. Ra8 Re7 45. f5 gxf5 46. Nxf5 Re2 47. Nd6+ Ke6 48. Nxc4 dxc4 49. Bc3 Kd5 50. Rd8+ Kc6 51.
Rh8 Nf4 52. Bxf6 Rxg2+ 53. Kf1 Rh2 54. Rxh7 Rxh3 55. Be5 Rxh7 56. Bxf4 Rf7 57. Be3 Rxf3+ 58.
Ke2 Rf7 59. Kd2 Kd5 60. Kc3 Rb7 61. Bc1 Rb3+ 62. Kc2 Kd4 63. Bb2+ Rxb2+ 64. Kxb2 Kd3 65. Kc1 Kc3 66. Kd1 Kb2 0-1

[Event "*** SCC Grand Prix: Titled Tuesday Blitz"]
[Site "Chess.com"]
[Date "2020.06.23"]
[Round "2"]
[White "MacDaddyMac"]
[Black "CyberneticLion"]
[Result "1/2-1/2"]
[WhiteElo "2258"]
[BlackElo "2447"]
[TimeControl "180+1"]
[EndTime "10:19:48 PDT"]
[Termination "Game drawn by repetition"]

1. e4 e5 2. Nf3 Nc6 3. Bb5 Nge7 4. Nc3 g6 5. d3 Bg7 6. Bg5 h6 7. Be3 O-O 8. Qd2 Kh7 9. h4 d5 10. exd5 Nxd5 11. Nxd5 Qxd5 12. Bc4 Qd6 13. h5 g5 14. O-O-O f5 15. Bxg5 hxg5 16. Nxg5+ Kh8 17. h6 Bf6 18. Nf7+ Rxf7 19. Bxf7 Be6 20. Bxe6 Qxe6 21.
Kb1 Rg8 22. f3 a5 23. a3 b5 24. g4 fxg4 25. fxg4 Qxg4 26. Rdg1 Qxg1+ 27. Rxg1 Rxg1+ 28. Ka2 Rg6 29. Qh2 Kh7 30. Qh1 Bg5 31. Qd5 b4 32. Qd7+ Kxh6 33. Qxc7 bxa3 34. Kxa3 Be3 35. c3 Kg5 36. b4 axb4+ 37. cxb4 Kf5 38. b5 Nd4 39. Qd7+ Kg5 40. Qe7+ Kf4 41. Qf7+ Kg5 42. Qe7+ Kf5 43. Qd7+ Ne6 44. Qf7+ Rf6 45. Qh5+ Kf4 46. Qh2+ Kf5 47. Qh3+ Kf4 48. Qf1+ Kg5 49. Qg2+ Kh6 50. Qh3+ Kg6 51.
Qxe3 Rf5 52. b6 Nd8 53. Qe4 Kf6 54. b7 Nxb7 55. Qxb7 Rf4 56. Kb3 Rd4 57. Kc3 Ke6 58. Qg7 Kd6 59. Qf6+ Kd5 60. Qd8+ Ke6 61. Qe8+ Kd6 62.
Qf8+ Ke6 63. Qh6+ Kd5 64. Qf6 Rf4 65. Qd8+ Ke6 66. Qc8+ Kd5 67. Kd2 Rd4 68. Ke3 Kd6 69. Qd8+ Ke6 70. Qe8+ Kd6 71. Qg6+ Kd5 72. Kf3 Kc5 73. Ke3 Kd5 74. Kf3 Rf4+ 75. Ke3 Rd4 1/2-1/2

[Event "*** SCC Grand Prix: Titled Tuesday Blitz"]
[Site "Chess.com"]
[Date "2020.06.23"]
[Round "2"]
[White "viktorskliarov"]
[Black "Aleksey_Sorokin"]
[Result "0-1"]
[WhiteElo "2560"]
[BlackElo "2882"]
[TimeControl "180+1"]
[EndTime "10:19:49 PDT"]
[Termination "Aleksey_Sorokin won by checkmate"]

1. e4 c6 2. d4 d5 3. e5 Bf5 4. Nf3 e6 5. Be2 Ne7 6. O-O c5 7.
c4 Nbc6 8. Nc3 dxc4 9. dxc5 Nd5 10. Nb5 Bxc5 11. Bxc4 O-O 12. Bg5 Qb6 13. Bxd5 Qxb5 14. Bxc6 bxc6 15. Nd4 Qxb2 16. Nxf5 exf5 17. Rc1 Qxe5 18.
Re1 Qd4 19. Qxd4 Bxd4 20. Rxc6 h6 21. Be3 Rfe8 22. Kf1 Bxe3 23. Rxe3 Rxe3 24. fxe3 Re8 25. Kf2 Re6 26. Rc8+ Kh7 27. Rc7 Ra6 28. Rxf7 Kg6 29. Rb7 Rxa2+ 30. Kf3 Kf6 31. h4 Ra4 32. g3 Ra2 33. h5 Ra4 34. Rc7 a5 35. Rc6+ Kg5 36.
Rg6+ Kxh5 37. Rxg7 Rb4 38. Ra7 a4 39. Ra5 Kg5 40.
Ra6 h5 41. Ra5 Rc4 42. Ra6 Rb4 43. Ra5 Kf6 44. Ra6+ Ke5 45. Ra5+ Ke6 46. Ra6+ Kd5 47. Ra5+ Kc4 48. Rxf5 a3 49. Rxh5 Kb3 50. g4 a2 51.
Rh1 Ra4 52. e4 a1=Q 53. Rxa1 Rxa1 54. e5 Kc4 55. Ke4 Re1+ 56. Kf5 Kd5 57. g5 Rf1+ 58. Kg6 Kxe5 59. Kh7 Rh1+ 60. Kg7 Ke6 61. g6 Rg1 62. Kh7 Kf6 63. g7 Rxg7+ 64. Kh8 Rg4 65. Kh7 Rg3 66. Kh8 Kf7 67. Kh7 Rh3# 0-1

[Event "*** SCC Grand Prix: Titled Tuesday Blitz"]
[Site "Chess.com"]
[Date "2020.06.23"]
[Round "2"]
[White "BilodeauA"]
[Black "Cubitas"]
[Result "1-0"]
[WhiteElo "2852"]
[BlackElo "2551"]
[TimeControl "180+1"]
[EndTime "10:19:51 PDT"]
[Termination "BilodeauA won on time"]

1. e4 c5 2. Nf3 Nc6 3. d4 cxd4 4. Nxd4 e5 5. Nb5 d6 6. N1c3 a6 7. Na3 Be6 8. Nc4 Nf6 9. Bg5 b5 10. Ne3 Be7 11. Bxf6 Bxf6 12. Ncd5 Bg5 13. c3 O-O 14. Be2 Rb8 15. a3 g6 16. O-O f5 17.
exf5 gxf5 18. f4 Bh6 19. Kh1 Ne7 20. Bf3 exf4 21. Nxe7+ Qxe7 22. Nd5 Qf7 23. Nb4 Rbd8 24. Re1 Bb3 25. Qd4 Bg7 26. Qxf4 Be5 27. Qh6 Qg7 28.
Qxg7+ Kxg7 29. Nxa6 Rf6 30. Nc7 Bc4 31. Nd5 Rh6 32.
h3 Rb8 33. Rad1 Re6 34. Ne3 Kf6 35. Bd5 Bxd5 36. Nxd5+ Kg6 37. Rf1 f4 38. Rxf4 Bxf4 39. Nxf4+ Kf5 40. Nxe6 Kxe6 41. Kg1 d5 42. Kf2 Kd6 43.
Rd3 Kc5 44. Rd4 Rf8+ 45. Ke2 Re8+ 46. Kd2 h5 47. b4+ Kd6 48. Rf4 Rg8 49. g4 hxg4 50.
hxg4 Ke5 51. Ke3 Rh8 52. Rf5+ Ke6 53. Rh5 Rg8 54. Kf4 Rf8+ 55. Rf5 Rc8 56. Re5+ Kd6 57. Re3 Rf8+ 58. Kg5 Rg8+ 59. Kh4 Rh8+ 60. Kg3 Rh1 61. g5 Ra1 62. Kg4 Rxa3 63. Kf4 Ra1 64. g6 Rf1+ 65. Kg5 d4 66. cxd4 Kd5 67. Re5+ Kc4 68. g7 Kxb4 69. Kg6 1-0

[Event "*** SCC Grand Prix: Titled Tuesday Blitz"]
[Site "Chess.com"]
[Date "2020.06.23"]
[Round "2"]
[White "Lupul_Cenusiu"]
[Black "ShimanovAlex"]
[Result "0-1"]
[WhiteElo "2556"]
[BlackElo "2869"]
[TimeControl "180+1"]
[EndTime "10:19:53 PDT"]
[Termination "ShimanovAlex won on time"]

1. d4 Nf6 2. c4 g6 3. Nc3 Bg7 4. Nf3 d6 5. g3 O-O 6. Bg2 Nbd7 7. O-O e5 8. h3 Re8 9. e3 c6 10. Qb3 h6 11. Rd1 Qe7 12. Qa3 Bf8 13. b3 Qd8 14. Qb2 a6 15. a4 Rb8 16. Bd2 e4 17. Nh2 d5 18. a5 h5 19. Na4 h4 20. g4 Bd6 21.
Rdc1 Nh7 22. cxd5 cxd5 23. Nc5 Ng5 24. Bb4 Nf6 25. Qe2 Nfh7 26. Rc2 f5 27. Rac1 f4 28. exf4 Bxf4 29. Bd2 Bd6 30. Be3 Rf8 31. b4 Bd7 32.
Nxd7 Qxd7 33. b5 axb5 34. Rb1 b4 35. Qd2 Ne6 36. Nf1 Qe7 37. Rcc1 Nhg5 38. Qa2 Nc7 39. Rxc7 Bxc7 40. Qxd5+ Nf7 41. Qxe4 Qd6 42. Qd5 Rfd8 43.
Qxd6 Bxd6 44. Nd2 Ra8 45. Nb3 Rd7 46. Be4 Kg7 47. Bd3 Rc8 48. Bb5 Re7 49. Kf1 Rc3 50.
Be2 Rec7 51. Bd2 Rxh3 52. Kg2 Rhc3 53. Bxc3 bxc3 54. Bd3 Ng5 55. Bc2 h3+ 56. Kh1 Ne6 57.
Re1 Nf4 58. Re4 g5 59. Kh2 Kf6 60. Re8 Kf7 0-1

[Event "*** SCC Grand Prix: Titled Tuesday Blitz"]
[Site "Chess.com"]
[Date "2020.06.23"]
[Round "2"]
[White "Bulldog167"]
[Black "sergeikim"]
[Result "1/2-1/2"]
[WhiteElo "2772"]
[BlackElo "2523"]
[TimeControl "180+1"]
[EndTime "10:19:53 PDT"]
[Termination "Game drawn by stalemate"]

1. d4 Nf6 2. c4 g6 3. Nc3 Bg7 4. e4 d6 5. h3 O-O 6. Be3 e5 7. d5 a5 8. g4 Na6 9. Nge2 Nc5 10.
Ng3 Bd7 11. Qd2 Rc8 12. Be2 c6 13. f3 cxd5 14. cxd5 Ne8 15. h4 b5 16. Bxb5 Bxb5 17. Nxb5 a4 18. Rc1 Qb6 19. Na3 Qa6 20. Bxc5 Rxc5 21.
Rxc5 dxc5 22. Qe2 Qf6 23. Nc4 h6 24. Kf2 Nc7 25. Ne3 Rb8 26. g5 hxg5 27. h5 Nb5 28. Ng4 Qb6 29. hxg6 fxg6 30. Kg2 Nd4 31. Qf2 Rf8 32.
Nh2 g4 33. Nxg4 Nxf3 34. Qe2 Nd4 35. Qd2 Nf3 36. Qe2 Nd4 37. Qd2 Nf3 38. Qc1 Qb4 39.
Nh6+ Bxh6 40. Qxh6 Qxb2+ 41. Kh3 Qb6 42. Nf5 Qf6 43.
Kg3 Ng5 44. Rh4 Nxe4+ 45. Rxe4 gxf5 46. Qxf6 Rxf6 47. Rxe5 Rd6 48. Kf4 c4 49. Re2 c3 50.
Rg2+ Kf7 51. Ke5 Rd8 52. Rc2 Rc8 53. Kxf5 Ke7 54. Ke5 Kd7 55. Kd4 Kd6 56. a3 Rc5 57. Rxc3 Rxc3 58. Kxc3 Kxd5 59. Kb4 Kc6 60. Kxa4 Kb6 61.
Kb4 Ka6 62. a4 Kb6 63. a5+ Ka6 64. Ka4 Ka7 65. Kb5 Kb7 66. a6+ Ka7 67. Ka5 Ka8 68. Kb6 Kb8 69. a7+ Ka8 70. Ka6 1/2-1/2

[Event "*** SCC Grand Prix: Titled Tuesday Blitz"]
[Site "Chess.com"]
[Date "2020.06.23"]
[Round "2"]
[White "jonaszmb"]
[Black "lilleper1"]
[Result "1-0"]
[WhiteElo "2484"]
[BlackElo "2684"]
[TimeControl "180+1"]
[EndTime "10:19:54 PDT"]
[Termination "jonaszmb won by resignation"]

1. e4 c5 2. Nf3 d6 3. d4 cxd4 4.
Nxd4 Nf6 5. Nc3 a6 6. h3 e5 7. Nde2 h5 8. Bg5 Be6 9. Bxf6 Qxf6 10. Nd5 Qd8 11. Nec3 Nd7 12. Bc4 Rc8 13. Bb3 g6 14. O-O Bg7 15. Qd3 O-O 16. Rad1 Nc5 17. Qg3 b5 18. a3 Rb8 19. Nb4 Qc7 20. Bxe6 fxe6 21. Qxg6 h4 22. Nxa6 Nxa6 23. Qxe6+ Qf7 24. Qxd6 Nc7 25.
Qc6 Qc4 26. Qg6 Qe6 27. Qh5 Qh6 28. Qg4 Rb6 29. Rd7 Rg6 30. Qe2 Ne6 31. Nd5 Nf4 32.
Nxf4 Qxf4 33. Kh1 Qg5 34. f3 Qg3 35. Rd3 Bh6 36. f4 Rxf4 37. Rxg3 Rxg3 38. Rxf4 Bxf4 39. Qxb5 Re3 40. Qc4+ Kg7 41. Kg1 Bg3 42. Qb4 Re1+ 43. Qxe1 Bxe1 44. Kf1 Bd2 45. Ke2 Bc1 46. a4 Bxb2 47.
Kd3 Bd4 48. Kc4 Kf6 49. Kd5 Kg5 50. a5 Kf4 51. a6 Kg3 52. c3 Ba7 53. c4 Kxg2 54.
c5 Kxh3 55. c6 Bb6 56. c7 Bxc7 57. a7 Kg2 58. a8=Q h3 59. Qg8+ Kf2 60. Qf7+ Kg2 61. Qxc7 h2 62. Qg7+ Kf1 63. Qf6+ Kg1 64. Qg5+ Kf1 65.
Qf5+ Kg1 66. Qg4+ Kf1 67. Qf3+ Kg1 68. Kxe5 h1=Q 69. Qxh1+ Kxh1 70. Kf5 Kg2 71. e5 1-0

[Event "*** SCC Grand Prix: Titled Tuesday Blitz"]
[Site "Chess.com"]
[Date "2020.06.23"]
[Round "2"]
[White "Siniauski"]
[Black "wannabe2700"]
[Result "1-0"]
[WhiteElo "2502"]
[BlackElo "2703"]
[TimeControl "180+1"]
[EndTime "10:20:06 PDT"]
[Termination "Siniauski won by resignation"]

1. e4 c5 2. Nf3 e6 3. c4 d5 4. exd5 exd5 5. d4 Nf6 6. Nc3 cxd4 7. Nxd4 Be7 8. Be2 O-O 9. O-O dxc4 10. Bxc4 Nc6 11. Nxc6 bxc6 12. Qxd8 Rxd8 13. Be3 Nd5 14. Bxd5 cxd5 15. Bd4 a5 16. Rfe1 Be6 17. Nb5 Rd7 18. Rac1 a4 19. g3 Bb4 20. Re2 Rb8 21. Nc7 Rc8 22.
Rec2 Bf5 23. Rc6 Be4 24. Na6 Rxc6 25. Rxc6 Bf8 26. Rc8 f6 27. Bc5 Rf7 28. Nc7 Bf5 29.
Rd8 g6 30. Nxd5 Kg7 31. Bxf8+ Rxf8 32. Rxf8 Kxf8 33. Nb6 Be6 34. Nxa4 Bxa2 35. Kf1 Ke7 36. Nc3 Bc4+ 37. Kg2 Ke6 38. Kf3 Ke5 39. Ke3 Be6 40.
b4 Bd7 41. f4+ Kf5 42. Nd5 Be6 43. Kd4 Bd7 44. Ne3+ Ke6 45. Kc5 g5 46. b5 gxf4 47. gxf4 Bc8 48. Kc6 Bd7+ 49. Kc5 Bc8 50. Kc6 Bd7+ 51.
Kb6 Kd6 52. Ka6 Kc5 53. b6 Bc6 54. b7 Bxb7+ 55. Kxb7 Kd4 56. Ng2 Ke4 57. Kc6 Kf3 58. Kd5 Kxg2 59. Ke6 Kf3 60. f5 h5 61. Kxf6 Kg2 62.
Kg5 Kxh2 63. Kh4 Kg2 64. Kxh5 Kg3 65. f6 Kf4 66. f7 Ke5 67. f8=Q Ke6 68. Qf1 Ke5 69. Kg4 Ke4 70. Qe1+ Kd3 71. Kf4 1-0

[Event "*** SCC Grand Prix: Titled Tuesday Blitz"]
[Site "Chess.com"]
[Date "2020.06.23"]
[Round "2"]
[White "bascheyaro"]
[Black "pooh2012"]
[Result "1-0"]
[WhiteElo "2720"]
[BlackElo "2487"]
[TimeControl "180+1"]
[EndTime "10:20:09 PDT"]
[Termination "bascheyaro won by resignation"]

1. d4 Nf6 2. c4 e6 3. Nf3 c5 4.
dxc5 Bxc5 5. Nc3 O-O 6. e3 b6 7.
Be2 Bb7 8. O-O Be7 9. b3 d5 10. Bb2 dxc4 11. Bxc4 Nc6 12. Qe2 a6 13. Rfd1 Qb8 14.
h3 Qa7 15. Bd3 Rfd8 16. Ne4 Nxe4 17. Bxe4 Rxd1+ 18. Rxd1 Rd8 19. Rxd8+ Nxd8 20. Bb1 Qb8 21. Qd3 f5 22. Qc4 Qc8 23. Qxc8 Bxc8 24. Ne5 Bf6 25. Bd3 Nf7 26. Nxf7 Kxf7 27. Bxf6 Kxf6 28. f4 e5 29. Kf2 h6 30. h4 g5 31. g3 a5 32. a3 Be6 33. b4 axb4 34. axb4 Bd5 35. Ke1 Kg6 36. Kd2 exf4 37. exf4 gxf4 38. gxf4 Be6 39. Be2 Bd5 40. Ke3 Kf6 41. Kd4 Be4 42. Bc4 Bc6 43. Bd5 Bb5 44.
Bf3 Ke6 45. Bh1 Kd6 46. Bg2 Be2 47. Bb7 Bg4 48. Bc8 Bh3 49. Ba6 Bg4 50. Bb7 Bh3 51. Bc8 Bg4 52. Kc4 Be2+ 53. Kc3 Bg4 54. Kd4 Bh3 55.
Bb7 Bg4 56. Bg2 Be2 57. Bh1 Bb5 58. Bf3 Bf1 59. Bh5 Bh3 60. Be2 Bg2 61. Kc4 Bc6 62. Bh5 Ke6 63. Bd1 Kd6 64. Bc2 Bd7 65. Bb1 Kc6 66.
Bd3 Kd6 67. Bc2 Kc6 68. Ba4+ Kd6 69. Bxd7 Kxd7 70. Kd5 h5 71. b5 Ke7 72. Kc6 Ke6 73.
Kxb6 Kd5 74. Kc7 Ke4 75. b6 Kxf4 76. b7 Kg4 77. b8=Q f4 78. Kd7 Kg3 79. Qe5 Kxh4 80. Qxf4+ Kh3 81. Qg5 h4 82. Ke6 Kh2 83. Kf5 h3 84.
Kf4 Kh1 85. Kf3 Kh2 86. Qg3+ 1-0

[Event "*** SCC Grand Prix: Titled Tuesday Blitz"]
[Site "Chess.com"]
[Date "2020.06.23"]
[Round "2"]
[White "ChessWarrior7197"]
[Black "kingmonkey2006"]
[Result "1-0"]
[WhiteElo "2920"]
[BlackElo "2574"]
[TimeControl "180+1"]
[EndTime "10:20:10 PDT"]
[Termination "ChessWarrior7197 won by resignation"]

1. e4 c5 2. Nf3 d6 3. d4 cxd4 4. Nxd4 Nf6 5. Nc3 a6 6. Bd3 e5 7. Nde2 Be7 8. O-O O-O 9. Ng3 b5 10. Be3 Bb7 11. Nf5 b4 12. Nd5 Nxd5 13. exd5 Bf6 14. f4 g6 15. Nh6+ Kg7 16. f5 Bg5 17. Qd2 Bxe3+ 18. Qxe3 Nd7 19. Kh1 Qh4 20. f6+ Nxf6 21.
Qb6 Bxd5 22. Qxd6 Rfe8 23. Rae1 Re6 24. Qc7 Qxh6 25. Rxe5 Rae8 26. Rxd5 Nxd5 27. Qxf7+ Kh8 28. Bc4 R8e7 29. Qf2 Nf6 30. Bxe6 Rxe6 31. Qd4 Qf8 32. g4 g5 33. Rf5 Qa8+ 34. Kg1 Kg7 35. Rxg5+ Kf7 36.
Rf5 h6 37. Qd7+ Re7 38. Qd6 Qa7+ 39. Kg2 Re2+ 40. Kf1 Re6 41. Qf4 Qe3 42. Qxe3 Rxe3 43.
Rf4 Re4 44. Rxe4 Nxe4 45. Ke2 Nf6 46. Kf3 Ke6 47. h4 Nh7 48. Kf4 Kd5 49. Kf5 Kd4 50. Kg6 Nf8+ 51. Kxh6 Ke3 52. h5 Kd2 53. Kg7 Ne6+ 54.
Kf6 Nf8 55. g5 Kxc2 56. g6 Kxb2 57. g7 Nh7+ 58. Kg6 Kxa2 59. g8=Q+ b3 60. Kxh7 1-0